 Dungeon Crawl Stone Soup version 0.30-a0-715-gdb4ae3ece1 (webtiles) character file.

Game seed: 14986325918808007941

673 themarg the Summoner (level 7, -1/46 HPs)
             Began as a Barachi Summoner on Jan 23, 2023.
             Killed by divine providence
             ... invoked by an orc priest
              (10 damage)
             ... on level 5 of the Dungeon.
             The game lasted 00:16:39 (4535 turns).

themarg the Summoner (Barachi Summoner)             Turns: 4535, Time: 00:16:40

Health: -1/46      AC:  3    Str:  9    XL:     7   Next: 59%
Magic:  5/14       EV: 12    Int: 17    God:
Gold:   224        SH:  0    Dex: 13    Spells: 5/16 levels left

rFire   . . .      SeeInvis .    b - +0 sling
rCold   . . .      Faith    .    (no shield)
rNeg    . . .      Spirit   .    c - +0 robe
rPois   .          Reflect  .    n - +0 helmet
rElec   .          Harm     .    (no cloak)
rCorr   .          Rampage  .    (no gloves)
Will    .....                    (no boots)
Stlth   ++                       (no amulet)
HPRegen 0.27/turn                (no ring)
MPRegen 0.14/turn                (no ring)

@: slow
A: amphibious, slowness 1, strong legs 1, +LOS
a: Hop


You were on level 5 of the Dungeon.
You visited 1 branch of the dungeon, and saw 5 of its levels.

You collected 224 gold pieces.

Inventory:

Hand Weapons
 a - a +1 dagger of draining
 b - a +0 sling (weapon)
Missiles
 h - 16 poisoned darts
 m - 29 stones
 p - 6 javelins
Armour
 c - a +0 robe (worn)
 n - a +0 helmet (worn)
 w - the +1 ring mail of the Trilobite {Rampage rPois Dex+4 Stlth-}
   (You found it on level 4 of the Dungeon)

   Dex:       It affects your dexterity (+4).
   rPois:     It protects you from poison.
   Rampage:   It bestows one free step when moving towards enemies.
   Stlth:     It makes you less stealthy.
Jewellery
 r - an amulet of guardian spirit
 t - an amulet of regeneration
Wands
 e - a wand of charming (13)
 k - a wand of flame (28)
Scrolls
 g - 4 scrolls of teleportation
 i - 2 scrolls of amnesia
 j - a scroll of magic mapping {unknown}
 l - a scroll of immolation {unknown}
 o - a scroll of torment {unknown}
 s - a scroll of silence {unknown}
 u - a scroll of fog {unknown}
 v - a scroll of poison {unknown}
Potions
 d - a potion of magic
 f - 5 potions of curing
 q - a potion of flight {unknown}


   Skills:
 - Level 2.6 Dodging
 - Level 2.1 Stealth
 - Level 5.0 Spellcasting
 - Level 2.0 Hexes
 + Level 8.3 Summonings
 - Level 2.0 Air Magic


You had 5 spell levels left.
You knew the following spells:

 Your Spells              Type           Power      Damage    Failure   Level
a - Summon Small Mammal   Summ           100%       N/A       1%          1
b - Call Canine Familiar  Summ           32%        N/A       1%          3
c - Summon Guardian Gole  Hex/Summ       21%        N/A       4%          3
d - Summon Lightning Spi  Summ/Air       21%        N/A       17%         4

Your spell library contained the following spells:

 Spells                   Type           Power      Damage    Failure   Level
 Call Imp                 Summ           32%        N/A       1%          2
 Necrotise                Necr           16%        1d4       14%         1
 Lesser Beckoning         Tloc           8%         N/A       22%         2
 Sublimation of Blood     Necr           4%         N/A       22%         2
 Wereblood                Tmut           4%         N/A       22%         2
 Gell's Gravitas          Tloc           4%         N/A       38%         3
 Teleport Other           Tloc           4%         N/A       38%         3
 Vampiric Draining        Necr           4%         2d6       38%         3
 Agony                    Necr           4%         N/A       98%         5
 Summon Hydra             Summ           16%        N/A       98%         7


Dungeon Overview and Level Annotations

Branches:
Dungeon (5/15)
 Temple: D:4-7

Altars:
Vehumet


Innate Abilities, Weirdness & Mutations

You are amphibious.
You cover ground slowly.
You can hop short distances.
You have an extended range of vision and can be seen from far away.


Message History

An orc comes into view. It is wielding a +0 whip.
Fire: b) +0 sling
Press: ? - help, Q - select action, (/) - cycle Shift-Dir - straight line, f - orc
Aim: an orc, wielding a +0 whip and wearing a +0 leather armour (wandering, hasn't noticed you, 52% to hit)
You shoot a sling bullet. The sling bullet barely misses the orc.
The orc shouts!
You hear a shout!
The orc misses your hound.
Your hound misses the orc.
An orc comes into view. It is wielding a +0 dagger.
The orc hits your hound with a +0 whip.
Your hound bites the orc.
Your hound bites the orc.
The orc hits your hound with a +0 whip.
Your hound barely misses the orc.
Your hound closely misses the orc.
Your hound bites the orc.
Your hound is smitten.
Your hound dies!
Your hound's corpse disappears in a puff of smoke!
You swap places.
An orc priest comes into view. It is wielding a +0 trident.
Your hound bites the orc.
The orc dies!
The orc priest begins to cast a cantrip, but forgets the words!
Your hound bites the orc.
Your hound closely misses the orc.
The orc closely misses your hound.
Your hound bites the orc.
The orc dies!
An orc priest comes into view. It is wielding a +0 hand axe.
The orc priest looks braver for a moment.
The orc priest calls down the wrath of Beogh upon you.
Beogh smites you!
The orc priest looks braver for a moment.
Your hound completely misses the orc priest.
The orc priest hits your hound with a +0 hand axe.
The orc priest invokes the aid of Beogh against you.
Beogh smites you!
* * * LOW HITPOINT WARNING * * *
Your hound bites the orc priest.
The orc priest invokes the aid of Beogh against you.
Beogh smites you!
You die...

#.................... ..# #
.##<.....#......#...#.. .). ..
.5..###..#.##.#.#..##.# #.# .#
###.# #.......#.#..##.# #.#..#
#..###.####.#.#..##.#### #.#..#
.................##.##.###.....
#......##...............##.#.).
#.###..##.###.#.####o....†.#...
#.# #..##.....@.)..ho...÷......
#.# #..##..##.######)...##.#...
#.# #.........### #..÷.##.#...
..............# ##.<........
###..##.......#####..........
... ##.................#... .##
#...#...#....###..#...
#.#.#...#...>###..####
#.#.....#.........#


You could see 2 orc priests and a friendly hound (summoned).

Vanquished Creatures
  Grinder (D:5)
  An ice beast (D:5)
  An iguana (D:4)
  An adder (D:4)
  A dart slug (D:3)
  An orc (D:3)
  4 endoplasms
  3 giant cockroaches
  2 goblins
  A hobgoblin (D:1)
  7 ball pythons
  2 bats (D:1)
  4 frilled lizards (D:2)
  2 kobolds
  2 rats (D:2)
33 creatures vanquished.

Vanquished Creatures (collateral kills)
  An ogre (D:5)
  A howler monkey (D:5)
  A hound (D:5)
  2 iguanas (D:4)
  6 adders
  A white imp (D:4)
  2 worms
  A dart slug (D:2)
  5 orcs
  2 endoplasms
  A giant cockroach (D:3)
  5 goblins
  5 hobgoblins
  3 jackals (D:5)
  2 quokkas (D:4)
  4 ball pythons
  3 frilled lizards
  3 rats
48 creatures vanquished.

Grand Total: 81 creatures vanquished

Notes
Turn   | Place    | Note
-------+----------+-------------------------------------------
     0 | D:1      | themarg the Barachi Summoner began the quest for the Orb.
     0 | D:1      | Reached XP level 1. HP: 13/13 MP: 3/3
   217 | D:1      | Reached XP level 2. HP: 19/19 MP: 0/5
   323 | D:1      | Reached skill level 5 in Summonings
   882 | D:2      | Reached XP level 3. HP: 24/24 MP: 4/6
   886 | D:2      | Learned a level 3 spell: Call Canine Familiar
  1011 | D:2      | HP: 1/24 [poisoned by an adder]
  1371 | D:2      | Reached XP level 4. HP: 30/30 MP: 2/8
  2785 | D:4      | Reached skill level 6 in Summonings
  2785 | D:4      | Reached XP level 5. HP: 26/35 MP: 5/10
  3224 | D:4      | Found a radiant altar of Vehumet.
  3871 | D:4      | Identified the +1 ring mail of the Trilobite {Rampage rPois
                  | Dex+4 Stlth-}
  3980 | D:5      | Entered Level 5 of the Dungeon
  3982 | D:5      | Noticed Grinder
  4110 | D:5      | Noticed an ogre
  4144 | D:5      | Paralysed by Grinder for 4 turns
  4145 | D:5      | Killed an ogre
  4146 | D:5      | Reached skill level 1 in Hexes
  4146 | D:5      | Reached skill level 1 in Air Magic
  4146 | D:5      | Reached XP level 6. HP: 41/41 MP: 1/12
  4160 | D:5      | Paralysed by Grinder for 2 turns
  4164 | D:5      | Paralysed by Grinder for 2 turns
  4167 | D:5      | Killed Grinder
  4168 | D:5      | Reached skill level 5 in Spellcasting
  4168 | D:5      | Reached skill level 7 in Summonings
  4168 | D:5      | Reached XP level 7. HP: 20/46 MP: 3/14
  4476 | D:4      | Learned a level 3 spell: Summon Guardian Golem
  4481 | D:4      | Learned a level 4 spell: Summon Lightning Spire
  4516 | D:5      | Reached skill level 8 in Summonings
  4535 | D:5      | Killed from afar by an orc priest

Illustrated notes

Levels and vault maps discovered:
D:1:      ncdulo_lavacross, layout_basic
D:2:      layout_rooms
D:3:      layout_loops_cross
D:4:      layout_basic, vehumet_crystals, amcnicky_mini_corridor_feature,
          kennysheep_generic_room_11
D:5:      layout_basic, old_standard_altar, uniq_grinder

Skill      XL: |  1  2  3  4  5  6  7 |
---------------+----------------------+-----
Stealth        | 2 |  2.1
Summonings     | 5 6 7 8 |  8.3
Spellcasting   | 3 4 5 |  5.0
Hexes          | 1 2 |  2.0
Air Magic      | 1 2 |  2.0
Dodging        | |  2.6

Action                     |  1- 3 |  4- 6 |  7- 9 || total
---------------------------+-------+-------+-------++-------
  Melee: Unarmed           |     7 |       |       ||     7
         Punch             |     1 |       |       ||     1
   Fire: Sling             |    56 |    80 |    18 ||   154
   Cast: Summon Small Mamm |    38 |    20 |     5 ||    63
         Call Canine Famil |     4 |    23 |     9 ||    36
         Summon Guardian G |       |       |     1 ||     1
Ability: Hop               |     1 |       |       ||     1
  Evoke: Wand              |       |     1 |       ||     1
    Use: Scroll            |       |     5 |       ||     5
 Armour: Robe              |    14 |     9 |       ||    23
  Dodge: Dodged            |    22 |    27 |     8 ||    57

Table legend: (Time is in decaauts)
 A = Elapsed time spent in this place.
 B = Non-inter-level travel time spent in this place.
 C = Inter-level travel time spent in this place.
 D = Time resting spent in this place.
 E = Time spent auto-exploring this place.
 F = Levels seen in this place.
 G = Mean time per level.
                   A        B        C        D        E       F      G
               +--------+--------+--------+--------+--------+-----+--------+
         Total |   5146 |   4806 |    340 |    299 |   3712 |   5 | 1029.2 |
       Dungeon |   5146 |   4806 |    340 |    299 |   3712 |   5 | 1029.2 |
               +--------+--------+--------+--------+--------+-----+--------+

Top non-repeatable levels by time:
     D:4: 1928 daAuts
     D:3: 1065 daAuts
     D:1: 938 daAuts
     D:2: 828 daAuts
     D:5: 385 daAuts
